AoeStats
← Tanana

Lombardia

509418449Analyzed
4v4 RM · 5d ago on Sep 26, 2026· 45m 38s· 8 players
Game mode
Random Map
Map size
Large (8 player)
Population
200
Speed
Normal
Resources
Standard
Victory
Conquest
Starting age
Dark Age
Ending age
Imperial Age
RankedLock teamsTeams togetherTeam positionsShared explorationLock speedFull tech treeHidden civsTurbo modeCheats
Victory
Defeat
🇰🇷 Berbers · South Korea
1430
+12
🇵🇪 Mongols · Peru
1375
+14
🇺🇸 Mongols · United States
1370
+14
🇩🇪 Magyars · Germany
1311
+18
🇩🇪 Berbers · Germany
1368
-16
🇩🇪 Magyars · Germany
1328
-14
🇩🇪 Ethiopians · Germany
1327
-14
🇩🇪 Koreans · Germany
1326
-14
"Real Friendly" new player
7:10 Loom
11:09 Feudal Age
14:58 Castle Age
12:51 Double-Bit Axe
12:47 Horse Collar
17:21 Bow Saw
19:28 Loom
25:02 Stone Mining
25:16 Heavy Plow
28:51 Wheelbarrow
28:10 Pikeman
32:16 Imperial Age
31:14 Hand Cart
31:28 Padded Archer Armor
31:18 Fletching
31:39 Scale Barding Armor
32:41 Ballistics
32:20 Gold Mining
33:10 Stone Shaft Mining
33:20 Conscription
32:57 Bodkin Arrow
33:18 Leather Archer Armor
34:14 Chemistry
33:18 Town Watch
34:06 Bracer
35:26 Husbandry
35:36 Bloodlines
36:06 Gold Shaft Mining
35:00 Elite Mangudai
35:54 Nomads
37:10 Thumb Ring
36:37 Light Cavalry
37:39 Chain Barding Armor
37:43 Hussar
38:35 Forging
42:40 Iron Casting
42:21 Town Patrol
kdu0687
11:27 Feudal Age
10:39 Loom
12:46 Double-Bit Axe
13:25 Horse Collar
17:12 Castle Age
17:07 Wheelbarrow
24:08 Heavy Plow
27:29 Bow Saw
27:24 Stone Mining
27:32 Gold Mining
29:11 Forging
29:06 Scale Barding Armor
34:01 Imperial Age
32:11 Hand Cart
32:37 Ballistics
31:57 Treadmill Crane
32:40 Ballistics
32:16 Murder Holes
32:26 Kasbah
33:24 Iron Casting
32:55 Scale Barding Armor
32:40 Fletching
32:52 Padded Archer Armor
32:55 Town Watch
33:21 Husbandry
33:31 Bloodlines
33:33 Caravan
34:35 Fortified Wall
35:14 Conscription
34:19 Heavy Camel Rider
35:19 Thumb Ring
34:36 Elite Genitour
35:22 Bodkin Arrow
36:27 Blast Furnace
35:30 Town Patrol
37:14 Bracer
37:34 Chain Barding Armor
38:39 Chemistry
37:24 Arrowslits
37:13 Elite Camel Archer
44:06 Plate Barding Armor
43:38 Siege Engineers
44:10 Leather Archer Armor
44:15 Maghrebi Camels
ELBO | Dseko
5:38 Loom
8:06 Feudal Age
8:48 Double-Bit Axe
13:49 Horse Collar
18:31 Gold Mining
22:32 Fletching
25:25 Castle Age
25:31 Crossbowman
26:37 Bodkin Arrow
26:43 Padded Archer Armor
29:25 Ballistics
38:25 Imperial Age
36:30 Wheelbarrow
38:33 Arbalester
39:19 Thumb Ring
44:47 Forging
44:43 Scale Barding Armor
44:41 Bracer
AOE2.GG | NONO
7:17 Loom
10:01 Feudal Age
13:20 Double-Bit Axe
16:53 Scale Barding Armor
19:11 Castle Age
18:31 Horse Collar
19:45 Bloodlines
26:13 Caravan
32:14 Wheelbarrow
32:55 Husbandry
33:16 Chain Barding Armor
34:54 Fletching
35:04 Padded Archer Armor
37:42 Imperial Age
37:55 Leather Archer Armor
37:35 Bodkin Arrow
38:56 Gold Mining
38:56 Stone Mining
38:57 Cavalier
42:26 Chemistry
42:34 Plate Barding Armor
42:00 Bracer
42:30 Ring Archer Armor
42:30 Paladin
43:49 Conscription
43:34 Stone Mining
44:19 Gold Shaft Mining
44:01 Town Watch
45:34 Ring Archer Armor
45:23 Elite Genitour
46:10 Thumb Ring
Fürst Zono
6:28 Loom
8:40 Feudal Age
9:33 Double-Bit Axe
19:05 Wheelbarrow
18:32 Horse Collar
23:26 Castle Age
24:49 Bow Saw
26:46 Hand Cart
26:40 Heavy Plow
27:30 Stone Mining
29:25 Fletching
30:05 Bodkin Arrow
30:14 Town Watch
33:47 Imperial Age
32:16 Gold Mining
33:30 Coinage
33:03 Padded Archer Armor
34:04 Husbandry
34:20 Bloodlines
34:30 Bracer
35:27 Ballistics
36:07 Chemistry
36:27 Conscription
36:28 Leather Archer Armor
38:12 Ring Archer Armor
38:56 Scale Barding Armor
39:02 Forging
39:13 Maghrebi Camels
39:50 Crossbowman
40:36 Thumb Ring
40:56 Chain Barding Armor
41:12 Iron Casting
41:49 Stone Shaft Mining
41:50 Gold Shaft Mining
42:34 Banking
42:06 Caravan
44:24 Plate Barding Armor
Tanana
7:59 Loom
11:07 Feudal Age
14:05 Double-Bit Axe
16:24 Castle Age
14:45 Fletching
16:27 Crossbowman
17:59 Bodkin Arrow
18:46 Bow Saw
20:24 Horse Collar
21:31 Padded Archer Armor
23:53 Thumb Ring
31:29 Imperial Age
30:33 Leather Archer Armor
30:43 Heavy Plow
31:33 Arbalester
32:14 Bracer
33:26 Ring Archer Armor
33:22 Ballistics
35:08 Chemistry
39:43 Squires
I still hate Goths
5:54 Loom
9:38 Feudal Age
10:14 Double-Bit Axe
13:11 Horse Collar
21:55 Castle Age
20:31 Scale Barding Armor
22:10 Bloodlines
22:08 Gold Mining
22:54 Husbandry
24:29 Light Cavalry
29:59 Wheelbarrow
32:58 Bow Saw
35:59 Imperial Age
35:59 Chain Barding Armor
37:18 Plate Barding Armor
36:04 Cavalier
38:35 Paladin
43:36 Two-Man Saw
I still love Koreans
8:07 Loom
10:15 Feudal Age
15:12 Castle Age
13:38 Double-Bit Axe
15:59 Wheelbarrow
16:03 Horse Collar
23:10 Town Watch
25:57 Fletching
28:42 Bow Saw
28:45 Gold Mining
29:56 Bodkin Arrow
30:36 Hand Cart
31:36 Ballistics
34:35 Imperial Age
33:33 Eupseong
35:25 Bracer
35:06 Elite War Wagon
37:13 Chemistry
37:13 Conscription
36:58 Husbandry
37:38 Thumb Ring
42:01 Stone Mining
42:30 Arrowslits
42:56 Masonry
45:58 Two-Man Saw
Connection lost

Rejoining the realm…

Still unreachable

The connection could not be restored.

Session expired

The server has moved on; the page needs a fresh start.